 Dungeon Crawl Stone Soup version 0.22.0-27-ga576289601 (webtiles) character file.

53 Flugkiller the Poker (level 3, -5/28 HPs)
             Began as a Merfolk Skald on Aug 21, 2018.
             Slain by a gnoll
             ... wielding a +0 whip
              (8 damage)
             ... on level 1 of the Dungeon.
             The game lasted 00:02:13 (1786 turns).

Flugkiller the Poker (Merfolk Skald)                Turns: 1786, Time: 00:02:14

Health: -5/28      AC:  3    Str: 12    XL:     3   Next: 89%
Magic:  4/6        EV: 13    Int: 12    God:
Gold:   53         SH:  0    Dex: 13    Spells: 5/6 levels left

rFire    . . .     SeeInvis .   a - +0 spear
rCold    . . .     Gourm    .   (no shield)
rNeg     . . .     Faith    .   b - +0 leather armour
rPois    .         Spirit   .   (no helmet)
rElec    .         Reflect  .   (no cloak)
rCorr    .         Harm     .   (no gloves)
MR       .....                  (no boots)
Stlth    +.........             (no amulet)
HPRegen  0.09/turn              (no ring)
MPRegen  0.10/turn              (no ring)

@: infused
A: change form in water, swift swim, stealthy swim
a: no special abilities


You were on level 1 of the Dungeon.
You were not hungry.

You visited 1 branch of the dungeon, and saw 2 of its levels.

You collected 53 gold pieces.

Inventory:

Hand Weapons
 a - a +0 spear (weapon)
Armour
 b - a +0 leather armour (worn)
Jewellery
 n - an uncursed ring of magical power {unknown}
Scrolls
 c - a scroll of fog {unknown}
 f - 3 scrolls of teleportation {unknown}
 g - 2 scrolls of noise {unknown}
 h - a scroll of amnesia {unknown}
 j - 2 scrolls of remove curse {unknown}
 k - a scroll of random uselessness {unknown}
 l - 2 scrolls of identify {unknown}
Potions
 e - 3 potions of magic {unknown}
 i - a potion of might {unknown}
 m - 2 potions of mutation {unknown}
Comestibles
 d - 6 rations
 o - a chunk of flesh


   Skills:
 + Level 2.9 Fighting
 * Level 4.7 Polearms
 - Level 0.6 Armour
 + Level 3.5 Dodging
 - Level 2.0 Spellcasting
 - Level 3.2 Charms


You had 5 spell levels left.
You knew the following spells:

 Your Spells              Type           Power        Failure   Level  Hunger
a - Infusion              Chrm           #...         9%          1    ##.....

Your spell library contained the following spells:

 Spells                   Type           Power        Failure   Level  Hunger
 Song of Slaying          Chrm           #.......     14%         2    ###....
 Shroud of Golubria       Chrm/Tloc      #.........   26%         2    ###....
 Regeneration             Chrm/Necr      #.........   47%         3    ####...
 Spectral Weapon          Hex/Chrm       #.......     47%         3    ####...


Dungeon Overview and Level Annotations

Branches:
Dungeon (2/15)

Altars:


Message History

The gnoll closely misses you.
You closely miss the gnoll.
The gnoll is moderately wounded.
The gnoll hits you with a whip.
* * * LOW HITPOINT WARNING * * *
There is a stone staircase leading down here.
You see here a club.
Some of the chunks of flesh in your inventory have rotted away.
Casting: Infusion (safe; 9% risk of failure)
Confirm with . or Enter, or press ? or * to list all spells.
You begin infusing your attacks with magical energy.
The gnoll closely misses you.
You barely miss the gnoll.
The gnoll is lightly wounded.
The gnoll hits you with a whip!
* * * LOW HITPOINT WARNING * * *
You hit the gnoll.
The gnoll is moderately wounded.
The gnoll hits you with a whip!
You die...

#.........##............
###.###########.#####.#.
#.# #.# #.#. #.# #.#
#.#. #.# #.# #.#. #.#
#.# ##.#. #.#
#####.####..#.
#.#######.............
#...g@....###.####.##.
########### #.# #)##.
#.# #.##. ##.####....
#.#......## ##.####....
### #####


You could see a gnoll.

Vanquished Creatures
  An adder (D:2)
  An ooze (D:1)
  A dart slug (D:1)
  A leopard gecko (D:1)
  4 bats
  4 goblins (D:1)
  5 hobgoblins
  9 kobolds
  A quokka (D:2)
  3 frilled lizards (D:1)
  5 rats
35 creatures vanquished.

Notes
Turn   | Place    | Note
-------+----------+-------------------------------------------
     0 | D:1      | Flugkiller the Merfolk Skald began the quest for the Orb.
     0 | D:1      | Reached XP level 1. HP: 16/16 MP: 3/3
   126 | D:1      | Reached XP level 2. HP: 20/23 MP: 5/5
   416 | D:1      | Reached skill level 4 in Polearms
   446 | D:1      | Reached XP level 3. HP: 23/28 MP: 6/6
  1786 | D:1      | Slain by a gnoll

Skill      XL: |  1  2 |
---------------+-------+-----
Dodging        | 3 |  3.5
Polearms       | 4 |  4.7
Fighting       | |  2.9
Armour         | |  0.6
Spellcasting   | |  2.0
Charms         | |  3.2

Action                   || total
-------------------------++-------
Melee: Spear             ||   195
 Cast: Infusion          ||     2
 Stab: Sleeping          ||     3
  Eat: Chunk             ||     3
Armor: Leather armour    ||    22
Dodge: Dodged            ||   136
